 Dungeon Crawl Stone Soup version 0.28.0-53-g5a82cb258f (webtiles) character file.

Game seed: 4289490898214299484

875 H0rd4k the Cudgeller (level 8, 0/58 HPs)
             Began as a Human Artificer on July 6, 2022.
             Slain by a bullfrog (4 damage)
             ... in a sewer.
             The game lasted 00:09:24 (6057 turns).

H0rd4k the Cudgeller (Human Artificer)              Turns: 6057, Time: 00:09:24

Health: 0/58       AC:  5    Str: 17    XL:     8   Next: 24%
Magic:  8/8        EV: 10    Int: 20    God:
Gold:   192        SH:  0    Dex: 13    Spells: 7/7 levels left

rFire   + . .      SeeInvis .   d - +0 flail
rCold   + . .      Faith    .   (no shield)
rNeg    . . .      Spirit   .   b - +0 leather armour
rPois   +          Reflect  .   (no helmet)
rElec   +          Harm     .   x - +0 cloak
rCorr   +          Rampage  .   (no gloves)
Will    .....      Clarity  +   u - +0 pair of boots
Stlth   +.........              r - amulet of regeneration
HPRegen 0.99/turn               g - +6 ring of intelligence
MPRegen 0.11/turn               n - +6 ring of strength

@: resistant, attractive, constricted, very slow
A: clarity, weak 1
a: no special abilities


You were in a sewer.
You visited 1 branch of the dungeon, and saw 6 of its levels.
You also visited: Sewer.

You collected 192 gold pieces.

Inventory:

Hand Weapons
 a - a +0 club
 d - a +0 flail (weapon)
Missiles
 y - 7 poisoned darts (quivered)
 z - a throwing net
Armour
 b - a +0 leather armour (worn)
 u - a +0 pair of boots (worn)
 x - a +0 cloak (worn)
Jewellery
 g - a +6 ring of intelligence (left hand)
 n - a +6 ring of strength (right hand)
 r - an amulet of regeneration (around neck)
 A - an amulet of magic regeneration
 D - a ring of flight
Wands
 h - a wand of digging (4)
Scrolls
 c - a scroll of blinking {unknown}
 f - a scroll of enchant armour {unknown}
 i - 4 scrolls of teleportation {unknown}
 j - 2 scrolls of vulnerability {unknown}
 p - a scroll of magic mapping {unknown}
 q - 4 scrolls of identify {unknown}
 s - a scroll of fog {unknown}
 t - 2 scrolls of fear {unknown}
 E - a scroll of brand weapon {unknown}
Potions
 k - a potion of magic {unknown}
 l - a potion of lignification {unknown}
 m - 2 potions of mutation
 v - a potion of resistance
 w - a potion of might {unknown}
 B - a potion of cancellation {unknown}
 C - a potion of flight {unknown}
Miscellaneous
 e - a piece from Xom's chessboard (13/15)


   Skills:
 + Level 3.5 Fighting
 + Level 5.3 Maces & Flails
 + Level 1.1 Throwing
 - Level 2.0 Armour
 + Level 4.4 Dodging
 - Level 1.0 Stealth
 + Level 4.5 Evocations


You had 7 spell levels left.
You didn't know any spells.
Your spell library contained the following spells:

 Spells                   Type           Power      Damage    Failure   Level
 Freeze                   Ice            0%         1d3       22%         1
 Magic Dart               Conj           0%         1d3       22%         1
 Blink                    Tloc           0%         N/A       34%         2
 Searing Ray              Conj           0%         2d4       34%         2
 Frozen Ramparts          Ice            0%         1d2       56%         3
 Ignite Poison            Fire/Tmut/Pois 0%         N/A       56%         3
 Lesser Beckoning         Tloc           0%         N/A       56%         3
 Mephitic Cloud           Conj/Pois/Air  0%         N/A       56%         3
 Tukima's Dance           Hex            0%         N/A       56%         3
 Anguish                  Hex/Necr       0%         N/A       92%         4
 Fulminant Prism          Conj/Hex       0%         3d6       92%         4
 Hailstorm                Conj/Ice       0%         3d3       92%         4
 Freezing Cloud           Conj/Ice/Air   0%         6-21      99%         5
 Manifold Assault         Tloc           0%         N/A       99%         5
 Simulacrum               Ice/Necr       0%         N/A       100%        6
 Enfeeble                 Hex            0%         N/A       100%        7
 Chain Lightning          Conj/Air       0%         N/A       100%        9
 Fire Storm               Conj/Fire      0%         5d1       100%        9
 Polar Vortex             Ice            0%         N/A       100%        9
 Shatter                  Erth           0%         3d5*      100%        9


Dungeon Overview and Level Annotations

Branches:
Dungeon (6/15)              Sewer (1/1)
 Temple: D:4-7

Altars:
Ashenzari
Hepliaklqana
Makhleb
Ru
Vehumet
Wu Jian

Annotations:
D:2 1 runed translucent door, exclusion: door, Crazy Yiuf
D:3 2 transporters, nakriel's ghost, amateur TeSu
D:5 exclusions: scorpion and upstairs


Innate Abilities, Weirdness & Mutations

You possess an exceptional clarity of mind.
You are weak. (Str -2)


Message History

The bullfrog snags a nearby butterfly with its tongue.
The bullfrog hits you.
* * * LOW HITPOINT WARNING * * *
Unknown command.
It was a potion of mutation.
You feel extremely strange.
Your thoughts seem clearer.
You feel weaker.
The ball python bites you but does no damage.
The ball python grabs you. The ball python constricts you.
The adder closely misses you. The bullfrog misses you.
The ball python bites you but does no damage.
You escape the ball python's grasp.
The bullfrog misses you. The adder bites you.
* * * LOW HITPOINT WARNING * * *
The ball python closely misses you. The ball python barely misses you.
The bullfrog barely misses you. The adder bites you but does no damage.
The ball python bites you.
* * * LOW HITPOINT WARNING * * *
The ball python misses you.
It was a potion of resistance.
You feel protected.
The ball python is no longer petrified.
The ball python bites you but does no damage.
The ball python grabs you. The ball python constricts you.
The ball python completely misses you. The bullfrog barely misses you.
The adder barely misses you. The ball python bites you.
* * * LOW HITPOINT WARNING * * *
The ball python bites you but does no damage.
The ball python constricts you.
It was a potion of attraction.
You feel attractive to monsters. The bullfrog hits you!
* * * LOW HITPOINT WARNING * * *
The ball python bites you but does no damage.
The adder bites you but does no damage. The frilled lizard bites you.
* * * LOW HITPOINT WARNING * * *
The ball python bites you but does no damage.
The ball python barely misses you. The ball python constricts you.
* * * LOW HITPOINT WARNING * * *
The bullfrog hits you.
You die...

#≈≈≈≈≈≈# #≈≈≈≈≈≈#
#≈≈≈≈≈≈# #≈≈≈≈≈≈#
#≈.≈≈≈≈# #≈≈≈≈≈≈#
#≈.≈≈≈≈# ##..≈≈≈#
#≈≈#≈≈≈# #≈.....#
#≈≈S≈≈≈# #≈≈...≈#
#≈≈≈J≈≈# #≈≈≈≈≈≈#
#≈≈SFS≈# #≈≈≈≈≈≈#
#≈≈S@S≈# #≈≈≈≈≈≈#
#≈≈l≈≈≈# #≈≈≈≈≈≈#
#≈≈≈≈≈≈##### #≈≈≈≈≈≈#
##≈≈≈≈###..# #.≈≈≈≈.#
#......##..###......#
##......##'##......##
#.........#.......#
##.......†.†.....##
####.....†...####


You could see a bullfrog, an adder, an endoplasm, 4 ball pythons and a frilled
lizard (strong).

Vanquished Creatures
  An ogre (D:5)
  A bullfrog (Sewer)
  A water moccasin skeleton (D:4)
  2 killer bees (D:4)
  2 bullfrog zombies
  3 hounds
  A bullfrog skeleton (D:5)
  An iguana (D:5)
  A scorpion zombie (D:5)
  A hound zombie (D:5)
  6 gnolls
  7 adders
  6 river rats (Sewer)
  2 white imps (D:5)
  An ufetubus (D:5)
  An adder skeleton (D:5)
  2 worms
  2 dart slugs
  3 orcs
  13 ball pythons
  A bat (D:1)
  6 endoplasms
  5 giant cockroaches
  3 hobgoblins
  2 jackals (D:2)
  6 kobolds
  4 quokkas
  4 frilled lizards
  5 goblins
  19 rats
112 creatures vanquished.

Vanquished Creatures (collateral kills)
  Terence (D:2)
  A gnoll (D:2)
2 creatures vanquished.

Vanquished Creatures (others)
  A necrophage (D:4)
  A killer bee (D:4)
  A gnoll (D:2)
  An adder (D:5)
  3 bushes (D:4)
7 creatures vanquished.

Grand Total: 121 creatures vanquished

Notes
Turn   | Place    | Note
-------+----------+-------------------------------------------
     0 | D:1      | H0rd4k the Human Artificer began the quest for the Orb.
     0 | D:1      | Reached XP level 1. HP: 15/15 MP: 1/1
   565 | D:1      | Reached XP level 2. HP: 17/21 MP: 2/2
  1696 | D:2      | Reached XP level 3. HP: 17/26 MP: 3/3
  2097 | D:2      | Reached skill level 1 in Maces & Flails
  2097 | D:2      | Reached XP level 4. HP: 26/33 MP: 4/4
  2211 | D:2      | Noticed Terence
  2265 | D:2      | Killed Terence
  2298 | D:2      | Reached skill level 2 in Maces & Flails
  2367 | D:2      | Found a hazy altar of Hepliaklqana.
  2388 | D:2      | Reached XP level 5. HP: 38/38 MP: 5/5
  2721 | D:2      | Found a runed translucent door.
  2722 | D:2      | Noticed Crazy Yiuf
  3134 | D:3      | Found a transporter.
  3136 | D:3      | Noticed nakriel's ghost (amateur TeSu)
  3166 | D:3      | Found a sacrificial altar of Ru.
  3213 | D:3      | Found a transporter.
  3456 | D:4      | Found an ornate altar of the Wu Jian Council.
  3581 | D:4      | Noticed a black bear
  3629 | D:4      | Reached skill level 3 in Maces & Flails
  3629 | D:4      | Reached XP level 6. HP: 41/44 MP: 6/6
  3689 | D:4      | Noticed a necrophage
  3760 | D:5      | Entered Level 5 of the Dungeon
  4475 | D:5      | Reached skill level 4 in Maces & Flails
  4504 | D:5      | Reached XP level 7. HP: 25/51 MP: 7/7
  5007 | D:4      | Found a burning altar of Makhleb.
  5076 | D:4      | Found a broken altar of Ashenzari.
  5191 | D:4      | Found a radiant altar of Vehumet.
  5535 | D:6      | Reached skill level 1 in Throwing
  5605 | D:6      | Found a glowing drain.
  5628 | Sewer    | Entered a sewer
  5693 | Sewer    | Reached XP level 8. HP: 57/58 MP: 8/8
  5845 | Sewer    | Reached skill level 5 in Maces & Flails
  6054 | Sewer    | Gained mutation: You possess an exceptional clarity of
                  | mind. [potion of mutation]
  6054 | Sewer    | Gained mutation: You are weak. (Str -2) [potion of
                  | mutation]
  6057 | Sewer    | Slain by a bullfrog

Illustrated notes

Levels and vault maps discovered:
D:1:      dpeg_arrival_rooms_b, layout_basic, minmay_door_square,
          dk_noncrumbling_4
D:2:      wad_crossroads, layout_basic, basic_altar, uniq_crazy_yiuf_cottage,
          uniq_terence
D:3:      layout_rooms, mainiacjoe_overflow_catwalk, gammafunk_ghost_mausoleum
D:4:      layout_basic, mainiacjoe_overflow_concentric_impassable,
          mainiacjoe_overflow_brackets, mainiacjoe_overflow_catch_the_wave,
          minmay_temple_entry_hall
D:5:      layout_cave_pods
D:6:      layout_loops_cross, grunt_dithmenos_smoke_and_mirrors,
          gup_sewer_entry_glass, serial_rivers, chequers_serial_rivers_small_3,
          chequers_serial_rivers_micro_a, chequers_serial_rivers_room_a,
          chequers_serial_rivers_micro_c, chequers_serial_rivers_small_a,
          chequers_serial_rivers_micro_c, chequers_decorated_corner,
          amcnicky_mini_corridor_feature
Sewer:    sewer_minmay_w

Skill      XL: |  1  2  3  4  5  6  7  8 |
---------------+-------------------------+-----
Maces & Flails | 1 2 3 4 5 |  5.3
Fighting       | 2 3 |  3.5
Dodging        | 2 3 4 |  4.4
Evocations     | 4 |  4.5
Throwing       | 1 |  1.1
Armour         | |  2.0
Stealth        | |  1.0

Action                   |  1- 3 |  4- 6 |  7- 9 || total
-------------------------+-------+-------+-------++-------
Melee: Club              |   106 |   263 |    45 ||   414
       Punch             |       |     5 |     2 ||     7
       Flail             |       |       |   173 ||   173
Throw: Dart              |       |     8 |     3 ||    11
Evoke: Wand              |     2 |    23 |    15 ||    40
       Piece from Xom's  |       |       |     2 ||     2
  Use: Potion            |       |       |     3 ||     3
 Stab: Sleeping          |     3 |     1 |       ||     4
Armor: Leather armour    |    28 |    53 |   125 ||   206
Dodge: Dodged            |    84 |   186 |   292 ||   562
